 Dungeon Crawl Stone Soup version 0.19-a0-1907-gcff654f (webtiles) character file.

205 jestert79 the Slasher (level 6, -2/41 HPs)
             Began as a Halfling Abyssal Knight on Oct 23, 2016.
             Was a Believer of Lugonu.
             Killed by divine providence
             ... invoked by an orc priest
              (14 damage)
             ... on level 3 of the Dungeon.
             The game lasted 00:07:34 (3282 turns).

jestert79 the Slasher (Halfling Abyssal Knight)     Turns: 3282, Time: 00:07:35

Health: -2/41      AC:  6    Str: 14    XL:     6   Next: 10%
Magic:  7/7        EV: 13    Int: 10    God:    Lugonu [**....]
Gold:   110        SH:  0    Dex: 15    Spells: 0 memorised, 5 levels left

rFire  . . .     SeeInvis .     a - +1 falchion
rCold  + . .     Gourm    .     n - +0 leather armour
rNeg   . . .     Faith    .     (shield restricted)
rPois  .         Spirit   .     (no helmet)
rElec  .         Reflect  .     (no cloak)
rCorr  .         Harm     .     (no gloves)
MR     .....                    m - +2 pair of boots
Stlth  +.........               (no amulet)
                                (no ring)
                                k - ring of protection from cold

@: no status effects
A: mutation resistance 1
a: Depart the Abyss, Bend Space, Renounce Religion


You were on level 3 of the Dungeon.
You worshipped Lugonu.
Lugonu was pleased with you.
You were not hungry.

You visited 1 branch of the dungeon, and saw 3 of its levels.
You visited the Abyss 1 time.

You collected 110 gold pieces.

Inventory:

Hand Weapons
 a - a +1 falchion (weapon)
 b - a +0 hunting sling
Missiles
 d - 75 stones (quivered)
Armour
 m - a +2 pair of boots (worn)
 n - a +0 leather armour (worn)
Jewellery
 k - a ring of protection from cold (left hand)
Scrolls
 g - 5 scrolls of identify
 o - a scroll of teleportation
 r - a scroll of fear
 t - a scroll of amnesia {unknown}
Potions
 e - a potion of heal wounds {unknown}
 f - a potion of flight {unknown}
 i - 4 potions of curing {unknown}
 l - a potion of brilliance {unknown}
 p - a potion of haste {unknown}
 q - 3 potions of lignification
Comestibles
 c - 2 bread rations
 h - 4 chunks of flesh
 j - a meat ration
 s - a slice of pizza


   Skills:
 - Level 2.6 Fighting
 * Level 5.9 Long Blades
 - Level 2.1 Armour
 - Level 1.1 Dodging
 - Level 2.0 Invocations


You had 5 spell levels left.
You didn't know any spells.

Dungeon Overview and Level Annotations

Branches:
Dungeon (3/15)

Altars:
Fedhas
Qazlal


Innate Abilities, Weirdness & Mutations

You are small and have problems with some larger weapons.
You are somewhat resistant to further mutation.


Message History

You closely miss the orc priest.
The orc priest is lightly wounded.
The orc priest closely misses you.
You riposte.
You slash the orc priest!
The orc priest is heavily wounded.
You hit the orc priest.
The orc priest is severely wounded.
The orc priest hits you.
You closely miss the orc priest.
The orc priest is severely wounded.
The orc priest hits you.
* * * LOW HITPOINT WARNING * * *
You are too injured to fight recklessly!
You are too injured to fight recklessly!
You are too injured to fight recklessly!
You are too injured to fight recklessly!
You completely miss the orc priest.
The orc priest is severely wounded.
The orc priest mumbles some strange prayers to Beogh against you.
Beogh smites you!
You die...

.# ####...........# *>*,* .#
#..##.##.##.# *,*,* .#
#..##.##.##.#####*,*,* [#
#................,,*,* .#
#........##.....#***,* .#
####.....##.....# *,* .# ###
#..((........## *,* .###.##
#####o##.##...# *,*
.....o##########@##.##...# *,*
##............)(.........###.*
##...###############........*
##o## ************#.#..####*
### *,,,,,,,,,,,#.#,.#
*****,********#.#.#,,# *,,,,,*
#.#.#,,* *,***** #.#.#,,* *,*
#.#.#,,#


You could see an orc priest.

Vanquished Creatures
  A howler monkey (D:3)
  Robin (D:2)
  7 adders
  An ooze (D:3)
  2 worms (D:2)
  2 dart slugs
  A leopard gecko (D:1)
  6 orcs
  A giant cockroach (D:3)
  11 goblins
  14 hobgoblins
  5 jackals
  3 kobolds
  A quokka (D:2)
  A ball python (D:2)
  6 bats
  4 frilled lizards
  4 rats (D:1)
71 creatures vanquished.

Notes
Turn   | Place    | Note
-------+----------+-------------------------------------------
     0 | Abyss:1  | jestert79 the Halfling Abyssal Knight began the quest for the Orb.
     0 | Abyss:1  | Reached XP level 1. HP: 15/15 MP: 2/2
    55 | D:1      | Escaped the Abyss
   272 | D:1      | Reached XP level 2. HP: 20/20 MP: 3/3
   524 | D:1      | Reached skill level 3 in Long Blades
   741 | D:1      | Reached XP level 3. HP: 24/25 MP: 4/4
  1241 | D:2      | Noticed Robin
  1352 | D:2      | Reached skill level 4 in Long Blades
  1352 | D:2      | Reached XP level 4. HP: 30/30 MP: 5/5
  1781 | D:2      | Found a blossoming altar of Fedhas.
  1781 | D:2      | Found a stormy altar of Qazlal.
  1990 | D:2      | Reached ** piety under Lugonu
  2399 | D:2      | Reached XP level 5. HP: 31/35 MP: 6/6
  2405 | D:2      | Killed Robin
  2622 | D:3      | Reached skill level 5 in Long Blades
  3229 | D:3      | Reached XP level 6. HP: 19/41 MP: 7/7
  3282 | D:3      | Killed from afar by an orc priest

Vault maps used:
D:1:      co_arrival_random_square_maze
D:2:      grunt_temple_overflow_forces_of_nature, uniq_robin
D:3:      grunt_decor_resistance, hangedman_abyss_or_decor_lesser_grid,
          uniq_terence, uniq_grinder, uniq_crazy_yiuf_cottage

Skill      XL: |  1  2  3  4  5 |
---------------+----------------+-----
Long Blades    | 3 4 5 |  5.9
Fighting       | |  2.6
Armour         | |  2.1
Dodging        | |  1.1
Invocations    | |  2.0

Action                   |  1- 3 |  4- 6 || total
-------------------------+-------+-------++-------
Melee: Falchion          |    83 |   170 ||   253
  Use: Scroll            |       |     6 ||     6
 Stab: Sleeping          |     2 |       ||     2
  Eat: Chunk             |     1 |     7 ||     8
Armor: Leather armour    |    24 |    43 ||    67
Dodge: Dodged            |    55 |    97 ||   152
       Rpst.: Falchion   |    13 |    25 ||    38
